 Dungeon Crawl Stone Soup version 0.26-a0-606-g3c8f2f65f7 (webtiles) character file.

Game seed: 6273547854389534057

1956 MrRokkomies the Insei (level 8, -2/66 HPs)
             Began as a Demigod Transmuter on Sept 2, 2020.
             Slain by an orc warrior
             ... wielding a +0 hand axe
              (15 damage)
             ... in a bailey.
             The game lasted 00:11:00 (7079 turns).

MrRokkomies the Insei (Demigod Transmuter)          Turns: 7079, Time: 00:11:01

Health: -2/66      AC:  5    Str: 13    XL:     8   Next: 67%
Magic:  13/13      EV: 14    Int: 21    God:
Gold:   81         SH:  0    Dex: 16    Spells: 2/10 levels left

rFire    . . .     SeeInvis .     - Unarmed
rCold    + . .     Faith    .   (no shield)
rNeg     . . .     Spirit   .   h - +2 leather armour {rC+}
rPois    .         Reflect  .   (helmet currently unavailable)
rElec    .         Harm     .   (no cloak)
rCorr    .                      (no gloves)
MR       .....                  (boots currently unavailable)
Stlth    +.........             q - amulet of regeneration
HPRegen  0.61/turn              (no ring)
MPRegen  0.13/turn              (no ring)

@: appendages (expiring), wereblooded (expiring), hasted, very quick
A: horns 2, talons 2, high mp 1
a: End Transformation


You were in a bailey.
You had grown temporary horns.
You had grown temporary talons.
You visited 1 branch of the dungeon, and saw 7 of its levels.
You also visited: Bailey.

You collected 321 gold pieces.
You spent 240 gold pieces at shops.

Inventory:

Hand Weapons
 r - a +0 shortbow
Missiles
 b - a throwing net (quivered)
 c - 29 poisoned darts
 s - 18 arrows
Armour
 h - a +2 leather armour of cold resistance (worn)
 n - a +0 pair of boots (melded)
Jewellery
 m - an uncursed amulet of the acrobat
 q - an amulet of regeneration (around neck)
Wands
 i - a wand of iceblast (10)
 l - a wand of disintegration (4)
Scrolls
 e - 5 scrolls of identify
 f - a scroll of immolation
 g - 2 scrolls of teleportation
 k - 4 scrolls of fog
 p - 3 scrolls of remove curse
Potions
 a - 3 potions of curing
 d - 4 potions of flight
 j - 3 potions of haste
 o - 2 potions of invisibility
 t - a potion of lignification
Miscellaneous
 u - a condenser vane (2/2)


   Skills:
 + Level 4.2 Fighting
 + Level 4.5 Dodging
 * Level 6.7 Unarmed Combat
 - Level 1.7 Spellcasting
 * Level 6.5 Transmutations


You had 2 spell levels left.
You knew the following spells:

 Your Spells              Type           Power        Failure   Level
a - Beastly Appendage     Tmut           ####..       1%          1
b - Wereblood             Tmut           ####....     1%          2
c - Blade Hands           Tmut           ####......   36%         5

Your spell library contained the following spells:

 Spells                   Type           Power        Failure   Level
 Spider Form              Tmut/Pois      ###.......   16%         3
 Ice Form                 Ice/Tmut       ###.....     45%         4


Dungeon Overview and Level Annotations

Branches:
Dungeon (7/15)             Temple (0/1) D:6          Bailey (1/1)

Shops:
D:7 }


Innate Abilities, Weirdness & Mutations

You have an increased reservoir of magic. (+10% MP)
You have a pair of horns on your head.
You have razor-sharp toenails.


Message History

You kill the goblin!
The gnoll misses you.
You punch the gnoll!
The gnoll is heavily wounded.
You hit the gnoll. You claw the gnoll, but do no damage.
You headbutt the gnoll.
The gnoll is almost dead.
Your transformation is almost over.
You hit the gnoll.
You kill the gnoll!
The orc warrior hits you with a +0 hand axe!
* * * LOW HITPOINT WARNING * * *
Found a fuming silvery potion.
Things that are here:
a +0 hand axe; a +0 leather armour You feel better.
You punch the orc warrior!
The orc warrior is moderately wounded.
The orc warrior hits you with a +0 hand axe!
You die...

###### #!!\??#
?!...!! ##.......
#........
##........
#######o....⌠...
##.....##@.......
#.......)).......
##......)##.......
#.........#.......
##.........##88.88#
#.....⌠.....###+###
##.........##
#.........#
##.......##


You could see an orc warrior.

Vanquished Creatures
  A yak (D:7)
  A water moccasin (D:6)
  5 orc warriors (Bailey)
  A centaur (D:5)
  2 bullfrogs
  A centaur zombie (D:5)
  3 bullfrog zombies
  2 centaur skeletons (D:5)
  5 hounds
  A jelly (D:6)
  2 orc wizards
  An iguana (D:4)
  Natasha (thrice) (D:2)
  4 worker ants (D:4)
  A hound skeleton (D:4)
  A worker ant zombie (D:6)
  13 gnolls
  10 adders
  2 shadow imps (D:5)
  A white imp (D:6)
  2 oozes
  An adder zombie (D:6)
  2 worms
  4 dart slugs
  5 leopard geckos
  19 orcs
  6 ball pythons
  2 giant cockroaches
  18 hobgoblins
  5 kobolds
  2 quokkas
  6 bats
  5 frilled lizards
  20 goblins
  A quokka skeleton (D:4)
  A quokka zombie (D:4)
  7 rats
166 creatures vanquished.

Vanquished Creatures (others)
  A goblin (D:2)
  4 plants (D:2)
5 creatures vanquished.

Grand Total: 171 creatures vanquished

Notes
Turn   | Place    | Note
-------+----------+-------------------------------------------
     0 | D:1      | MrRokkomies the Demigod Transmuter began the quest for the
                  | Orb.
     0 | D:1      | Reached XP level 1. HP: 15/15 MP: 5/5
    89 | D:1      | Reached skill level 1 in Fighting
   225 | D:1      | Reached XP level 2. HP: 22/23 MP: 5/7
   902 | D:2      | Found a blossoming altar of Fedhas.
   926 | D:2      | Noticed Natasha
   933 | D:2      | Killed Natasha
   933 | D:2      | Reached XP level 3. HP: 8/28 MP: 6/8
  1171 | D:2      | Learned a level 2 spell: Wereblood
  1173 | D:2      | Found a radiant altar of Vehumet.
  1188 | D:2      | Noticed Natasha
  1200 | D:2      | Killed Natasha
  1200 | D:2      | Reached XP level 4. HP: 25/35 MP: 9/9
  1318 | D:2      | Noticed Natasha
  1329 | D:2      | Killed Natasha
  1691 | D:2      | Reached XP level 5. HP: 35/41 MP: 8/10
  3183 | D:4      | Reached XP level 6. HP: 23/48 MP: 11/11
  4103 | D:4      | Found a snail-covered altar of Cheibriados.
  4226 | D:5      | Entered Level 5 of the Dungeon
  4329 | D:5      | Found a bloodstained altar of Trog.
  4343 | D:5      | Reached XP level 7. HP: 42/56 MP: 12/12
  4429 | D:5      | Identified the cursed +0 short sword of Reinforcement
                  | {flame, +Fly MR+ SInv Stlth-}
  4487 | D:5      | Reached skill level 5 in Unarmed Combat
  4784 | D:5      | Learned a level 5 spell: Blade Hands
  4876 | D:5      | Reached skill level 5 in Transmutations
  5147 | D:5      | Found a shadowy altar of Dithmenos.
  5520 | D:6      | Found a staircase to the Ecumenical Temple.
  6247 | D:6      | Found a snail-covered altar of Cheibriados.
  6256 | D:6      | Found a sacrificial altar of Ru.
  6292 | D:6      | Found a hazy altar of Hepliaklqana.
  6486 | D:6      | Found an iron altar of Okawaru.
  6487 | D:6      | Found a glowing golden altar of the Shining One.
  6489 | D:6      | Found a burning altar of Makhleb.
  6567 | D:7      | Found Zeirubrasaa's Gadget Emporium.
  6569 | D:7      | Noticed a yak
  6586 | D:7      | Killed a yak
  6586 | D:7      | Reached XP level 8. HP: 34/66 MP: 13/13
  6647 | D:7      | Bought a condenser vane (2/2) for 240 gold pieces
  6837 | D:7      | Found a flagged portal.
  6846 | Bailey   | Entered a bailey
  7077 | Bailey   | HP: 3/66 [orc warrior/+0 hand axe (15)]
  7079 | Bailey   | Slain by an orc warrior

Illustrated notes

Levels and vault maps discovered:
D:1:      ebering_trefoil_3fold, layout_loops_cross, minivault_5,
          serial_bayou_pond_b, minmay_octomino_j4
D:2:      layout_basic, fedhas_ov_isle_minmay, fiery_altar_vehumet,
          minmay_split_cup_small, uniq_natasha
D:3:      layout_basic, serial_bayou_pond_e, minmay_misc_feat_square,
          grunt_ministairs_1
D:4:      layout_rooms, kennysheep_slug_shrine
D:5:      layout_cave_pools, bloody_trog, grunt_dithmenos_shadows
D:6:      layout_loops_corners, lemuel_doored_altar, minitemple, temple_statues,
          grunt_decor_one_mirror
D:7:      layout_basic, enter_bailey_2, serial_shops, shop, uniq_harold
Bailey:   bailey_axe_minmay_hex_keep, bailey

Skill      XL: |  1  2  3  4  5  6  7  8 |
---------------+-------------------------+-----
Fighting       | 1 2 3 4 |  4.2
Transmutations | 2 3 4 5 6 |  6.5
Unarmed Combat | 3 4 6 |  6.7
Dodging        | 2 3 4 |  4.5
Spellcasting   | |  1.7

Action                   |  1- 3 |  4- 6 |  7- 9 || total
-------------------------+-------+-------+-------++-------
Melee: Unarmed           |    68 |   263 |   263 ||   594
       Headbutt          |    12 |    32 |    42 ||    86
       Kick              |    13 |    46 |    62 ||   121
       Punch             |       |     5 |    10 ||    15
 Cast: Beastly Appendage |    14 |    26 |    19 ||    59
       Wereblood         |       |     3 |     3 ||     6
Evoke: Wand              |       |     1 |       ||     1
  Use: Scroll            |     5 |     3 |     4 ||    12
       Potion            |       |     6 |     2 ||     8
 Stab: Sleeping          |     3 |     1 |       ||     4
Armor: Robe              |     8 |     2 |       ||    10
       Leather armour    |       |    52 |    45 ||    97
Dodge: Dodged            |    52 |   199 |   164 ||   415

Table legend: (Time is in decaauts)
 A = Elapsed time spent in this place.
 B = Non-inter-level travel time spent in this place.
 C = Inter-level travel time spent in this place.
 D = Time resting spent in this place.
 E = Time spent auto-exploring this place.
 F = Levels seen in this place.
 G = Mean time per level.
                   A        B        C        D        E       F      G
               +--------+--------+--------+--------+--------+-----+--------+
         Total |   7030 |   6889 |    141 |    271 |   5456 |   8 |  878.8 |
       Dungeon |   6820 |   6679 |    141 |    229 |   5412 |   7 |  974.3 |
        Bailey |    209 |    209 |      0 |     42 |     44 |   1 |  209.0 |
               +--------+--------+--------+--------+--------+-----+--------+

Top non-repeatable levels by time:
     D:5: 1249 daAuts
     D:2: 1231 daAuts
     D:3: 1211 daAuts
     D:4: 1065 daAuts
     D:6: 1057 daAuts
     D:1: 726 daAuts
     D:7: 278 daAuts
  Bailey: 209 daAuts
